 Seeded DCSS version 0.29.1-15-g9cfb28693d (webtiles) character file.

Game seed: 16245865983455551772 (custom seed)

24 Atreus the Trooper (level 2, 28/28 HPs)
             Began as a Minotaur Berserker on Mar 7, 2023.
             Was a Follower of Trog.
             Quit the game on level 1 of the Dungeon.
             The game lasted 00:02:02 (936 turns).

Atreus the Trooper (Minotaur Berserker)              Turns: 936, Time: 00:02:02

Health: 28/28      AC:  6    Str: 21    XL:     2   Next: 79%
Magic:  1/1        EV: 14    Int:  4    God:    Trog [*.....]
Gold:   40         SH:  0    Dex:  9    Spells: 1/1 levels left

rFire   . . .      SeeInvis .   c - +4 demon blade (drain)
rCold   . . .      Faith    .   (no shield)
rNeg    . . .      Spirit   .   i - +0 scale mail
rPois   .          Reflect  .   (helmet restricted)
rElec   .          Harm     .   e - scarf {repulsion}
rCorr   .          Rampage  .   (no gloves)
Will    .....                   (no boots)
Stlth   ..........              (no amulet)
HPRegen 0.09/turn               d - +4 ring of evasion
MPRegen 0.07/turn               (no ring)

@: repel missiles
A: horns 2, retaliatory headbutt
a: Renounce Religion, Berserk


You were on level 1 of the Dungeon.
You worshipped Trog.
Trog was aware of your devotion.
You visited 1 branch of the dungeon, and saw 1 of its levels.

You collected 40 gold pieces.

Inventory:

Hand Weapons
 a - a +0 spear
 c - a +4 demon blade of draining (weapon)
Armour
 b - a +0 animal skin
 e - a scarf of repulsion (worn)
 i - a +0 scale mail (worn)
Jewellery
 d - a +4 ring of evasion (left hand)
 j - a +6 ring of intelligence
 k - a +6 ring of intelligence
Scrolls
 h - a scroll of teleportation {unknown}
Potions
 f - a potion of might {unknown}
 g - 2 potions of flight {unknown}


   Skills:
 + Level 4.3 Fighting
 * Level 1.5 Long Blades
 - Level 3.8 Polearms
 - Level 2.4 Armour
 - Level 2.2 Dodging


You had one spell level left.
You didn't know any spells.
Your spell library was empty.

Dungeon Overview and Level Annotations

Branches:
Dungeon (1/15)

Altars:


Innate Abilities, Weirdness & Mutations

You have a pair of horns on your head.
You reflexively headbutt those who attack you in melee.


Message History

j - a +6 ring of intelligence
There are no items here.
There is a stone staircase leading down here.
You see here 4 stones.
You open the door.
Found a robe.
Found a stone staircase leading down.
There is an open door here.
You see here a +0 robe.
You now have 27 gold pieces (gained 10).
You now have 40 gold pieces (gained 13).
You open the door.
There is an open door here.
k - a +6 ring of intelligence A kobold comes into view.
It is wielding a +0 dagger.
A kobold is nearby!
A kobold is nearby!
You slash the kobold!
You kill the kobold!
Trog accepts your kill.
Things that are here:
a +0 dagger; 4 stones; a kobold corpse
There is an open door here.
A kobold comes into view. It is wielding a +0 short sword.
You hit the kobold.
You kill the kobold!
Trog accepts your kill.
Things that are here:
a +0 short sword; a kobold corpse A hobgoblin comes into view.
The hobgoblin shouts!
You hit the hobgoblin but do no damage. The hobgoblin misses you.
You hit the hobgoblin. You drain the hobgoblin.
You kill the hobgoblin!
Trog accepts your kill.
Done exploring.
Done exploring.
Done exploring.
Done exploring.
Are you sure you want to abandon this character and quit the game? (Confirm with "yes".)

#.# #.# #.###.#.# #.#
#.######.#.....#
#.########.##.......#.#.#
#.#...).#...#.###.#.###.#
#.#.###.......# #.......#
#.....#.#...#.# ###.#####
###.#.#.##.##.#####.#
#.#...............#
#.###.#####@#####.#
#.....# #.......# #######
#########


There were no monsters in sight!

Vanquished Creatures
  2 ball pythons (D:1)
  A bat (D:1)
  4 endoplasms (D:1)
  2 goblins (D:1)
  3 hobgoblins (D:1)
  2 kobolds (D:1)
  3 quokkas (D:1)
  A frilled lizard (D:1)
  A rat (D:1)
19 creatures vanquished.

Notes
Turn   | Place    | Note
-------+----------+-------------------------------------------
     0 | D:1      | Atreus the Minotaur Berserker began the quest for the Orb.
     0 | D:1      | Reached XP level 1. HP: 19/19 MP: 0/0
    62 | D:1      | Identified 3 scrolls of acquirement
    62 | D:1      | Acquired a +4 ring of evasion
    64 | D:1      | Acquired a scarf of repulsion
    66 | D:1      | Acquired a +4 demon blade of draining
   186 | D:1      | Found a faded altar of an unknown god.
   214 | D:1      | Reached skill level 4 in Fighting
   214 | D:1      | Reached XP level 2. HP: 25/27 MP: 1/1
   453 | D:1      | Reached skill level 1 in Long Blades
   936 | D:1      | Quit the game

Illustrated notes

Levels and vault maps discovered:
D:1:      minmay_arrival_hallway, layout_loops_corners, basic_ecumenical_altar,
          minmay_unequal

Skill      XL: |  1  2 |
---------------+-------+-----
Fighting       | 4 |  4.3
Long Blades    | 1 |  1.5
Polearms       | |  3.8
Armour         | |  2.4
Dodging        | |  2.2

Action                   || total
-------------------------++-------
Melee: Demon blade       ||    21
       Spear             ||     4
       Headbutt          ||     2
  Use: Scroll            ||     3
Armor: Animal skin       ||     3
       Scale mail        ||     1
Dodge: Dodged            ||    29
